 Dungeon Crawl Stone Soup version 0.27-a0-3-gcf006a40f5 (webtiles) character file.

Game seed: 12859642140119300006

27076 melkoren the Minotaur Blade (level 13, -12/114 HPs)
             Began as a Minotaur Gladiator on Nov 2, 2020.
             Was the Champion of Okawaru.
             Killed from afar by a wretched star (19 damage)
             ... with a lance of force
             ... on level 5 of the Abyss on Jan 2, 2021.
             The game lasted 00:54:00 (13421 turns).

melkoren the Minotaur Blade (Minotaur Gladiator)   Turns: 13421, Time: 00:54:01

Health: -12/114    AC: 16    Str: 24    XL:     13   Next: 2%
Magic:  12/12      EV: 16    Int:  5    God:    Okawaru [******]
Gold:   293        SH:  0    Dex: 22    Spells: 12/12 levels left

rFire    . . .     SeeInvis .   x - +0 triple sword (holy)
rCold    . . .     Faith    +   (shield currently unavailable)
rNeg     . . .     Spirit   .   e - +0 chain mail
rPois    +         Reflect  .   I - +2 hat of Masochism {+Fly Str+5}
rElec    .         Harm     .   j - +0 cloak of the Sea {+Fly}
rCorr    .         Rampage  .   B - +2 pair of gloves
Will     .....     Rnd*Tele +   l - +1 pair of boots
Stlth    ..........             p - amulet "Feumiu" {Faith Will- Dex+5 Slay+3}
HPRegen  0.29/turn              (no ring)
MPRegen  0.13/turn              (no ring)

@: about to teleport
A: retaliatory headbutt, horns 2, poison resistance, teleportitis 1
a: Renounce Religion, Evoke Flight, Heroism, Finesse


You were on level 5 of the Abyss.
You worshipped Okawaru.
Okawaru was exalted by your worship.
You visited 2 branches of the dungeon, and saw 12 of its levels.
You visited the Abyss 1 time.

You collected 293 gold pieces.

Inventory:

Hand Weapons
 a - a +0 demon blade
 s - a +0 great sword
 x - a +0 triple sword of holy wrath (weapon)
 y - a +3 great sword
 C - a +3 scimitar of flaming
 K - a +4 vorpal triple sword
Missiles
 D - 5 atropa-tipped darts (quivered)
 L - 8 javelins
Armour
 c - a +1 hat
 e - a +0 chain mail (worn)
 j - the +0 cloak of the Sea (worn) {+Fly}
   (Okawaru gifted it to you on level 1 of the Lair of Beasts)

   It lets you fly.
 l - a +1 pair of boots (worn)
 B - a +2 pair of gloves (worn)
 I - the +2 hat of Masochism (worn) {+Fly Str+5}
   (Okawaru gifted it to you on level 3 of the Lair of Beasts)

   It affects your strength (+5).
   It lets you fly.
Jewellery
 k - a cursed amulet of inaccuracy {unknown}
 p - the amulet "Feumiu" (around neck) {Faith Will- Dex+5 Slay+3}
   (You found it on level 4 of the Dungeon)

   [amulet of faith]

   It allows you to gain divine favour quickly.
   It affects your dexterity (+5).
   It affects your accuracy and damage with ranged weapons and melee attacks
   (+3).
   It affects your willpower, your defense against some magical effects.
 t - an uncursed ring of fire
Wands
 m - a wand of flame (19)
 o - a wand of acid (13)
 z - a wand of digging (4)
 A - a wand of polymorph (5)
 H - a wand of random effects (15)
Scrolls
 b - 2 scrolls of enchant weapon {unknown}
 g - 9 scrolls of identify
 h - 2 scrolls of teleportation
 n - 3 scrolls of fear
 q - 9 scrolls of remove curse
 v - 2 scrolls of fog
 E - a scroll of enchant armour
 F - a scroll of amnesia {unknown}
 G - 2 scrolls of magic mapping
Potions
 d - 2 potions of haste
 f - a potion of invisibility
 i - 2 potions of brilliance
 r - 4 potions of curing
 u - 5 potions of flight
 w - 3 potions of might
 J - a potion of resistance


   Skills:
 - Level 10.7 Fighting
 + Level 21.6 Long Blades
 - Level 2.0 Throwing
 - Level 10.9 Dodging


You had 12 spell levels left.
You didn't know any spells.
Your spell library contained the following spells:

 Spells                   Type           Power        Failure   Level
 Sting                    Tmut/Pois      0%           99%         1
 Confusing Touch          Hex            0%           100%        3
 Gell's Gravitas          Tloc           0%           100%        3
 Mephitic Cloud           Conj/Pois/Air  0%           100%        3
 Petrify                  Tmut/Erth      0%           100%        4
 Agony                    Necr           0%           100%        5
 Borgnjor's Vile Clutch   Necr/Erth      0%           100%        5
 Metabolic Englaciation   Hex/Ice        0%           100%        5
 Yara's Violent Unravell  Hex/Tmut       0%           100%        5
 Simulacrum               Ice/Necr       0%           100%        6


Dungeon Overview and Level Annotations

Branches:
Dungeon (8/15)             Temple (0/1) D:6            Lair (4/6) D:8
 Shoals (0/4) Lair:3
  Snake: Lair:2-4    Spider: Lair:2-4

Altars:
Cheibriados
Elyvilon
Fedhas
Gozag
Hepliaklqana
Kikubaaqudgha
Makhleb
Okawaru
Qazlal
Ru
Uskayaw
Yredelemnul

Shops:
D:5 :==*   D:7 }

Annotations:
D:8 Maurice
Lair:4 1 runed translucent door, Rupert


Innate Abilities, Weirdness & Mutations

You reflexively headbutt those who attack you in melee.
You have a pair of horns on your head.
Your system is resistant to poisons. (rPois)
You are occasionally teleported next to monsters.


Message History

You riposte.
You closely miss the raiju. Your headbutt misses the raiju.
The raiju is lightly wounded.
The starspawn tentacle barely misses you.
You furiously retaliate!
You headbutt the starspawn tentacle, but do no damage.
The wretched star glows turbulently.
The lance of force hits you!
* * * LOW HITPOINT WARNING * * *
You are knocked back by the lance of force.
You slam into the stone wall!
The raiju bites you but does no damage.
The starspawn tentacle closely misses you.
You barely miss the raiju. You headbutt the raiju.
The raiju is lightly wounded.
The raiju closely misses you.
You riposte.
You slice the raiju!! You headbutt the raiju.
You kill the raiju!
Okawaru accepts your kill.
The wretched star glows turbulently.
The lance of force hits you!!
You die...

..##.....#.. .
......# #. ###
....### ##. ##.
#....... #.. ..
#..###...#.#.....x
# #.──... # #
..#.. ..##
#.##Λ##..##... .
#. .... #.†w.X...#
##... #..##@#...
..#.. . .
#*.h##x..# ...
...# #.....#.##
..... .. . #
.##.#..#.
.......... ... #
##. ## .#... .. #
.#. .#.. .. ..


You could see a tentacled starspawn, a wretched star, a raiju and a starspawn
tentacle.

Vanquished Creatures
  An Executioner (Abyss:4)
  A tentacled starspawn (Abyss:4)
  2 hydras
  Erica (D:8)
  2 lindwurms (Lair:4)
  An elephant (Lair:4)
  A black mamba (Lair:4)
  8 cane toads
  3 rime drakes
  5 komodo dragons
  2 ice devils (Lair:1)
  An ancient zyme (Abyss:5)
  A jumping spider (Lair:4)
  A troll (D:8)
  A queen bee (Lair:4)
  2 meliai (Lair:4)
  6 blink frogs
  A raiju (Abyss:5)
  A ynoxinul (Abyss:4)
  2 wyverns (Lair:3)
  16 yaks
  6 basilisks
  A steam dragon (Lair:2)
  A chaos spawn (Abyss:4)
  2 wargs (D:8)
  Duvessa (D:6)
  11 water moccasins
  A sky beast (D:7)
  2 phantoms
  2 orc warriors
  6 ogres
  37 wolves
  8 bullfrogs
  A scorpion (D:6)
  A wyvern skeleton (D:8)
  Dowan (D:6)
  34 killer bees
  7 wights
  3 howler monkeys
  A bullfrog zombie (D:5)
  4 hounds
  A quasit (Abyss:4)
  17 orc wizards
  7 orc priests
  5 iguanas
  6 worker ants
  A hound zombie (D:7)
  A river rat (Lair:4)
  8 adders
  2 shadow imps
  A white imp (D:8)
  2 ufetubi
  An ooze (D:2)
  An adder skeleton (D:8)
  5 worms
  4 dart slugs
  8 leopard geckos
  35 orcs
  11 giant cockroaches
  2 goblins
  9 hobgoblins
  4 jackals (D:2)
  15 kobolds
  5 quokkas
  16 bats
  6 frilled lizards
  A leopard gecko skeleton (D:8)
  6 rats
  A starspawn tentacle (Abyss:5)
370 creatures vanquished.

Vanquished Creatures (others)
  29 fungi
  75 plants
  4 starspawn tentacles
108 creatures vanquished.

Grand Total: 478 creatures vanquished

Notes
Turn   | Place    | Note
-------+----------+-------------------------------------------
     0 | D:1      | melkoren the Minotaur Gladiator began the quest for the
                  | Orb.
     0 | D:1      | Reached XP level 1. HP: 18/18 MP: 0/0
   320 | D:1      | Reached skill level 4 in Long Blades
   320 | D:1      | Reached XP level 2. HP: 25/25 MP: 1/1
   562 | D:1      | Found an ancient bone altar of Kikubaaqudgha.
   820 | D:1      | Reached XP level 3. HP: 30/30 MP: 2/2
  1182 | D:2      | Gained mutation: You are occasionally teleported next to
                  | monsters. [potion of mutation]
  1182 | D:2      | Gained mutation: Your system is resistant to poisons.
                  | (rPois) [potion of mutation]
  1200 | D:2      | Reached XP level 4. HP: 16/37 MP: 3/3
  1411 | D:2      | Reached skill level 5 in Long Blades
  1621 | D:2      | Reached skill level 5 in Dodging
  1778 | D:2      | Reached XP level 5. HP: 42/42 MP: 4/4
  2522 | D:3      | Reached skill level 6 in Long Blades
  2741 | D:4      | Found a hazy altar of Hepliaklqana.
  2750 | D:4      | Found an opulent altar of Gozag.
  2761 | D:4      | Found a snail-covered altar of Cheibriados.
  2784 | D:4      | Got a wavering garnet amulet
  2845 | D:4      | Reached XP level 6. HP: 50/51 MP: 5/5
  3212 | D:4      | Found a sacrificial altar of Ru.
  3353 | D:5      | Entered Level 5 of the Dungeon
  3516 | D:5      | Reached XP level 7. HP: 60/60 MP: 6/6
  3522 | D:5      | Found Fairgharu's Jewellery Boutique.
  3653 | D:5      | Found Wicozxoc's Assorted Antiques.
  3670 | D:5      | Identified the amulet "Feumiu" {Faith MR- Dex+5 Slay+3}
                  | (You found it on level 4 of the Dungeon)
  3685 | D:5      | Found Etziulets's Jewellery Shoppe.
  3765 | D:5      | Reached skill level 7 in Long Blades
  3812 | D:5      | Reached skill level 5 in Fighting
  4264 | D:5      | Found Deod's Book Shoppe.
  4411 | D:6      | Found a white marble altar of Elyvilon.
  4547 | D:6      | Reached XP level 8. HP: 60/70 MP: 7/7
  4634 | D:6      | Noticed Dowan
  4636 | D:6      | Noticed Duvessa
  4638 | D:6      | Killed Dowan
  4638 | D:6      | Reached skill level 8 in Long Blades
  4643 | D:6      | Killed Duvessa
  4896 | D:6      | Found a staircase to the Ecumenical Temple.
  4966 | D:6      | Found a basalt altar of Yredelemnul.
  5217 | D:7      | Found Otrix's Gadget Emporium.
  5228 | D:7      | Reached skill level 9 in Long Blades
  5380 | D:7      | Found an iron altar of Okawaru.
  5434 | D:7      | Became a worshipper of Warmaster Okawaru
  5462 | D:7      | Found a blossoming altar of Fedhas.
  5468 | D:7      | Found a stormy altar of Qazlal.
  5476 | D:7      | Reached XP level 9. HP: 70/79 MP: 8/8
  5644 | D:7      | Identified the Compendium of Envenoming and Necromancy
  5904 | D:7      | Found a burning altar of Makhleb.
  5904 | D:7      | Found a hide-covered altar of Uskayaw.
  6072 | D:8      | Reached * piety under Okawaru
  6159 | D:8      | Noticed Erica
  6180 | D:8      | Killed Erica
  6180 | D:8      | Reached ** piety under Okawaru
  6180 | D:8      | Reached skill level 10 in Long Blades
  6454 | D:8      | Noticed a troll
  6510 | D:8      | Killed a troll
  6510 | D:8      | Reached *** piety under Okawaru
  6811 | D:8      | Found a staircase to the Lair.
  6820 | D:8      | Reached skill level 10 in Dodging
  6820 | D:8      | Reached XP level 10. HP: 90/91 MP: 9/9
  7033 | D:8      | Reached skill level 11 in Long Blades
  7124 | D:8      | Noticed Maurice
  7586 | D:8      | Upgraded the game from 0.26-a0-712-ga5a9c9c9d0 to
                  | 0.27-a0-3-gcf006a40f5
  7807 | Lair:1   | Entered Level 1 of the Lair of Beasts
  7820 | Lair:1   | Reached skill level 10 in Fighting
  7831 | Lair:1   | Reached **** piety under Okawaru
  8243 | Lair:1   | Reached ***** piety under Okawaru
  8244 | Lair:1   | Reached skill level 12 in Long Blades
  8281 | Lair:1   | Noticed a cane toad
  8290 | Lair:1   | Killed a cane toad
  8562 | Lair:1   | Noticed a cane toad
  8576 | Lair:1   | Killed a cane toad
  8613 | Lair:1   | Reached skill level 13 in Long Blades
  8646 | Lair:1   | Noticed a cane toad
  8655 | Lair:1   | Killed a cane toad
  8655 | Lair:1   | Received a gift from Okawaru
  8656 | Lair:1   | Reached XP level 11. HP: 90/101 MP: 10/10
  8814 | Lair:1   | Received a gift from Okawaru
  8821 | Lair:1   | Got a distressingly furry cloak {god gift}
  8827 | Lair:1   | Identified the +0 cloak of the Sea {+Fly} (Okawaru gifted
                  | it to you on level 1 of the Lair of Beasts)
  9002 | Lair:1   | Reached skill level 14 in Long Blades
  9128 | Lair:1   | Reached ****** piety under Okawaru
 10127 | Lair:2   | Reached skill level 15 in Long Blades
 10671 | Lair:2   | Noticed a four-headed hydra
 11297 | Lair:2   | Killed a one-headed hydra
 11544 | Lair:3   | Reached skill level 16 in Long Blades
 11715 | Lair:3   | Found a staircase to the Shoals.
 11753 | Lair:3   | Received a gift from Okawaru
 11754 | Lair:3   | Got a jewelled hat {god gift}
 11770 | Lair:3   | Reached skill level 17 in Long Blades
 11786 | Lair:3   | Identified the +2 hat of Masochism {+Fly Str+5} (Okawaru
                  | gifted it to you on level 3 of the Lair of Beasts)
 11849 | Lair:3   | Reached XP level 12. HP: 108/108 MP: 11/11
 11928 | Lair:3   | Noticed a four-headed hydra
 11931 | Lair:3   | Reached skill level 18 in Long Blades
 11938 | Lair:3   | Killed a one-headed hydra
 12507 | Lair:4   | Reached skill level 19 in Long Blades
 12821 | Lair:4   | Reached skill level 20 in Long Blades
 12841 | Lair:4   | Received a gift from Okawaru
 12992 | Lair:4   | Noticed Rupert
 12994 | Lair:4   | Noticed a death yak
 12998 | Lair:4   | Found a runed translucent door.
 13134 | Lair:4   | Reached skill level 21 in Long Blades
 13196 | Lair:4   | Cast into level 4 of the Abyss (Rupert)
 13196 | Abyss:4  | Found a corrupted altar of Lugonu.
 13294 | Abyss:4  | Noticed a tentacled starspawn
 13303 | Abyss:4  | Killed a tentacled starspawn
 13303 | Abyss:4  | Received a gift from Okawaru
 13303 | Abyss:4  | Received a gift from Okawaru
 13312 | Abyss:4  | Noticed an Executioner
 13324 | Abyss:4  | HP: 2/108 [Executioner (5)]
 13325 | Abyss:4  | Killed an Executioner
 13325 | Abyss:4  | Received a gift from Okawaru
 13326 | Abyss:4  | Reached XP level 13. HP: 2/114 MP: 4/12
 13351 | Abyss:4  | Noticed a cacodemon
 13367 | Abyss:5  | Entered Level 5 of the Abyss
 13398 | Abyss:5  | Noticed a tentacled starspawn
 13421 | Abyss:5  | Killed from afar by a wretched star

Illustrated notes

Levels and vault maps discovered:
D:1:      dpeg_arrival_castle, layout_loops_corners,
          ebering_dispersal_statue_hall, kennysheep_another_room,
          kennysheep_flooded_box, serial_park_tiny_2
D:2:      layout_basic, minmay_close_crescents
D:3:      layout_loops_cross
D:4:      layout_basic, nicolae_ru_path_of_blood, grunt_temple_overflow_diamond
D:5:      layout_loops_ring, serial_shops, kennysheep_mini_moat,
          nicolae_shop_trees, nicolae_shop_overgrown_old_shop, shop
D:6:      minmay_flawed_box, layout_basic, kennysheep_ying_yang,
          minmay_temple_entry_nine_rooms, uniq_duvessa
D:7:      layout_loops_cross, grunt_temple_overflow_forces_of_nature,
          amethyst_overflow_temple_binary, okawaru_metal_pillars_1_2,
          serial_shops, nicolae_shop_stone
D:8:      layout_loops_cross, erik_lair_orcish_takeover, uniq_erica,
          uniq_maurice
Lair:1:   layout_roguey, portal_ice_cave_demonic_guard,
          grunt_forest_large_clearings, lemuel_fruit_fields
Lair:2:   beast_lair_carwin_large_2, layout_cave_shapes, st_stairs_13,
          minivault_23
Lair:3:   layout_small_grid, shoals_dummy_entry
Lair:4:   regret_index_tunnel_blossom, layout_small_grid,
          nicolae_spider_entry_tight_spaces, gammafunk_ghost_grave,
          serial_forest, infiniplex_forest_clump_long,
          infiniplex_forest_zigzag_2, infiniplex_forest_straight_4,
          infiniplex_forest_lined_corner, infiniplex_forest_lined_2,
          infiniplex_forest_straight_3, beast_lair_carwin_1, uniq_rupert
Abyss:5:  base: Temple, due_evilmike_abyss_rune_seething_liches

Skill      XL: |  1  2  3  4  5  6  7  8  9 10 11 12 |
---------------+-------------------------------------+-----
Long Blades    | 4 5 6 7 9 10 13 17 21 | 21.6
Dodging        | 4 5 6 7 8 10 | 10.9
Fighting       | 3 4 5 7 9 10 | 10.7
Throwing       | |  2.0

Action                   |  1- 3 |  4- 6 |  7- 9 | 10-12 | 13-15 || total
-------------------------+-------+-------+-------+-------+-------++-------
Melee: Long sword        |    97 |   166 |    50 |       |       ||   313
       Headbutt          |    10 |    29 |    60 |   165 |     4 ||   268
       Great sword       |       |       |   161 |    71 |       ||   232
       Demon blade       |       |       |       |   272 |       ||   272
       Unarmed           |       |       |       |     1 |       ||     1
       Scimitar          |       |       |       |    59 |       ||    59
       Triple sword      |       |       |       |    51 |     7 ||    58
Throw: Throwing net      |       |       |       |     1 |       ||     1
Invok: Heroism           |       |       |       |     1 |       ||     1
       Finesse           |       |       |       |     1 |       ||     1
Evoke: Wand              |       |       |       |     1 |       ||     1
  Use: Potion            |     3 |       |    11 |     4 |       ||    18
       Scroll            |       |    11 |     4 |    10 |     2 ||    27
Armor: Chain mail        |    48 |   101 |   101 |   224 |     5 ||   479
       Leather armour    |     2 |       |       |       |       ||     2
       Skin              |     8 |       |       |       |       ||     8
Dodge: Dodged            |    40 |    89 |   133 |   312 |    17 ||   591
       Rpst.: Long sword |     7 |    20 |     9 |       |       ||    36
       Great sword       |       |       |    28 |    13 |       ||    41
       Demon blade       |       |       |       |    53 |       ||    53
       Scimitar          |       |       |       |     8 |       ||     8
       Triple sword      |       |       |       |    21 |     4 ||    25

Table legend: (Time is in decaauts)
 A = Elapsed time spent in this place.
 B = Non-inter-level travel time spent in this place.
 C = Inter-level travel time spent in this place.
 D = Time resting spent in this place.
 E = Time spent auto-exploring this place.
 F = Levels seen in this place.
 G = Mean time per level.
                   A        B        C        D        E       F      G
               +--------+--------+--------+--------+--------+-----+--------+
         Total |  13373 |  13116 |    257 |   2256 |   8216 |  14 |  955.2 |
       Dungeon |   8191 |   7972 |    219 |    870 |   5450 |   8 | 1023.9 |
          Lair |   4962 |   4925 |     37 |   1361 |   2708 |   4 | 1240.5 |
         Abyss |    219 |    219 |      0 |     25 |     58 |   2 |  109.5 |
               +--------+--------+--------+--------+--------+-----+--------+

Top non-repeatable levels by time:
     D:8: 2078 daAuts
  Lair:2: 1756 daAuts
  Lair:1: 1413 daAuts
  Lair:3: 1334 daAuts
     D:1: 1152 daAuts
     D:2: 971 daAuts
     D:5: 949 daAuts
     D:6: 914 daAuts
     D:7: 860 daAuts
     D:4: 665 daAuts
     D:3: 599 daAuts
  Lair:4: 457 daAuts
 Abyss:4: 167 daAuts
 Abyss:5: 52 daAuts
